 Dungeon Crawl Stone Soup version 0.31-a0-986-g5e6e4ef867 (webtiles) character file.

Game seed: 1450910517856883098

934 gelatine the Digger (level 7, -3/76 HPs)
             Began as a Demonspawn Earth Elementalist on Nov 11, 2023.
             Slain by an ogre
             ... wielding a +0 giant spiked club
              (15 damage)
             ... on level 6 of the Dungeon.
             The game lasted 00:12:49 (4498 turns).

gelatine the Digger (Demonspawn Earth Elementalist) Turns: 4498, Time: 00:12:49

Health: -3/76      AC: 23    Str: 12 (13) XL:     7   Next: 86%
Magic:  16/23      EV:  2    Int: 18 (19) God:
Gold:   249        SH:  0    Dex: 12 (13) Spells: 2/16 levels left

rFire   + . .        i - +4 quarterstaff of Xarow {heavy, MP+9 Str+5}
rCold   + . .        (shield currently unavailable)
rNeg    . . .        a - melded +0 robe
rPois   +            (helmet currently unavailable)
rElec   +            g - melded scarf {repulsion}
rCorr   +            F - melded +0 pair of gloves
SInv    .            (boots currently unavailable)
Will    .....        (no amulet)
Stlth   ++           t - +5 ring of evasion
HPRegen 0.32/turn    k - ring of wizardry
MPRegen 0.18/turn

%: wizardry (x1)
@: brilliant, tree-form, resistant
A: stationary, stasis, torment immunity, boosted hp, (thin metallic scales 1),
ignite blood 1, powered by pain 2
a: no special abilities


You were on level 6 of the Dungeon.
You were a tree.
You visited 2 branches of the dungeon, and saw 7 of its levels.

You collected 249 gold pieces.

Inventory:

Hand Weapons
 i - the +4 quarterstaff of Xarow (weapon) {heavy, MP+9 Str+5}
   (You found it on level 2 of the Dungeon)

   Str+5:     It affects your strength (+5).
   MP+9:      It affects your magic capacity (+9).
Armour
 a - a +0 robe (melded)
 g - a scarf of repulsion (melded)
 m - a +0 cloak
 F - a +0 pair of gloves (melded)
Magical Staves
 C - a staff of poison
 E - a staff of conjuration
Jewellery
 d - a +6 ring of dexterity
 k - a ring of wizardry (right branch)
 t - a +5 ring of evasion (left branch)
 D - a ring of wizardry
Talismans
 o - a beast talisman
 s - a blade talisman
Wands
 w - a wand of quicksilver (7)
Scrolls
 c - a scroll of silence
 e - a scroll of enchant weapon
 f - a scroll of amnesia
 h - 2 scrolls of fog {unknown}
 n - a scroll of acquirement {unknown}
 p - 2 scrolls of vulnerability {unknown}
 q - 5 scrolls of identify
 y - a scroll of revelation {unknown}
 A - a scroll of teleportation {unknown}
 B - 2 scrolls of torment
 G - a scroll of blinking {unknown}
Potions
 b - a potion of magic
 j - a potion of attraction
 l - a potion of brilliance
 r - 5 potions of curing
 u - a potion of degeneration
 z - a potion of might {unknown}


   Skills:
 * Level 2.3 Fighting
 + Level 2.1 Dodging
 + Level 2.3 Stealth
 + Level 5.2 Spellcasting
 * Level 0.5 Conjurations
 * Level 1.0 Transmutations
 * Level 6.3 Earth Magic
 * Level 0.1 Evocations


You had 2 spell levels left.
You knew the following spells:

 Your Spells              Type           Power      Damage    Failure   Level
a - Sandblast             Erth           82%        2d17      1%          1
b - Passwall              Tmut/Erth      21%        N/A       1%          2
c - Stone Arrow           Conj/Erth      50%        3d10      4%          3
d - Petrify               Tmut/Erth      26%        N/A       12%         4
e - Brom's Barrelling Bo  Conj/Erth      25%        2d5       13%         4

Your spell library contained the following spells:

 Spells                   Type           Power      Damage    Failure   Level
 Passage of Golubria      Tloc           7%         N/A       45%         4
 Silence                  Hex/Air        3%         N/A       78%         5
 Lehudib's Crystal Spear  Conj/Erth      12%        10d4      100%        8


Dungeon Overview and Level Annotations

Branches:
Dungeon (6/15)             Temple (1/1) D:5

Altars:
Fedhas
Hepliaklqana
Kikubaaqudgha
Makhleb
Okawaru
Ru
Uskayaw
Wu Jian
Xom
Yredelemnul


Innate Abilities, Weirdness & Mutations

You are a tree.
Your roots penetrate the ground, keeping you stationary.
You cannot be teleported.
You are immune to unholy pain and torment.
Your maximum health is greatly increased.
Your equipment is partially melded.
((You are partially covered in thin metallic scales. (AC +2)))
Your demonic aura sometimes causes spilled blood to erupt in flames.
You sometimes gain power by taking damage.


Message History

As you read the scroll labelled GOIBBE QUKHLYN, it crumbles to dust.
It is a scroll of identify.
j - a potion of attraction The gnoll closely misses you.
The adder bites you but does no damage.
As you read the scroll labelled KEMI OSIYLU, it crumbles to dust.
Your body is wracked with pain!
* * * LOW HITPOINT WARNING * * *
The adder convulses!
The hound convulses!
The gnoll convulses!
The ogre convulses!
The gnoll convulses! x2; It was a scroll of torment.
The adder barely misses you. The adder misses you. The hound barely misses you.
It was a potion of curing.
You feel better. The adder bites you.
* * * LOW HITPOINT WARNING * * *
The hound misses you.
It was a potion of brilliance.
You feel clever all of a sudden. The hound misses you.
The adder completely misses you. The hound closely misses you.
It was a potion of degeneration.
There was something very wrong with that liquid.
You feel weakened.
You feel dopey.
You feel clumsy. The adder misses you. The hound bites you but does no damage.
The adder closely misses you.
It was a potion of resistance.
You feel protected. The hound bites you.
* * * LOW HITPOINT WARNING * * *
The adder completely misses you. The hound bites you but does no damage.
It was a potion of lignification.
You turn into a tree.
Your scarf of repulsion melds into your body.
Your +0 pair of gloves melds into your body.
Your +0 robe melds into your body.
The haze of the repulsion field disappears.
Your roots penetrate the ground.
The adder barely misses you. The hound bites you but does no damage.
You thump the hound!
You kill the hound!
The adder bites you but does no damage. x2
The ogre hits you with a +0 giant spiked club!
You die...

♣. .... .♣.♣.♣.♣
....
###...._........
##.#.♣.♣.♣.♣.....
##Og#.............
#♣Sg..#.♣.♣.#.....
###g............#
#......##.....##
##......#..##...
#..............
#...##.##......
.####......###.....
.......##.###......
.............)...#.


You could see an ogre, 3 gnolls and an adder.

Vanquished Creatures
  A black bear (D:5)
  An ice beast (D:6)
  An ogre (D:5)
  A phantom (D:5)
  A gnoll sergeant (D:6)
  A scorpion (D:3)
  4 hounds
  2 orc priests
  An iguana (D:5)
  2 orc wizards (D:5)
  A gnoll (D:6)
  10 adders
  A white imp (D:5)
  5 worms
  5 dart slugs
  9 orcs
  3 ball pythons
  5 endoplasms
  3 giant cockroaches
  9 goblins
  8 hobgoblins
  3 jackals (D:5)
  5 quokkas
  7 bats
  4 frilled lizards
  5 kobolds
  7 rats
105 creatures vanquished.

Vanquished Creatures (others)
  An orc wizard (D:4)
  A white imp (D:5)
2 creatures vanquished.

Grand Total: 107 creatures vanquished

Notes
Turn   | Place    | Note
-------+----------+-------------------------------------------
     0 | D:1      | gelatine the Demonspawn Earth Elementalist began the quest
                  | for the Orb.
     0 | D:1      | Reached XP level 1. HP: 13/13 MP: 3/3
   231 | D:1      | Gained mutation: You sometimes gain a little power by
                  | taking damage. [demonic ancestry]
   231 | D:1      | Reached XP level 2. HP: 19/19 MP: 3/5
   323 | D:1      | Found a faded altar of an unknown god.
   827 | D:2      | Reached skill level 3 in Earth Magic
   827 | D:2      | Reached XP level 3. HP: 24/24 MP: 2/7
   835 | D:2      | Identified the +4 quarterstaff of Xarow {heavy, MP+9 Str+5}
  1275 | D:2      | Gained mutation: Your demonic aura sometimes causes spilled
                  | blood to erupt in flames. [demonic ancestry]
  1275 | D:2      | Reached XP level 4. HP: 30/30 MP: 8/8
  1568 | D:3      | Found a burning altar of Makhleb.
  1570 | D:3      | Noticed a cacodemon
  1583 | D:3      | Noticed a ynoxinul
  1583 | D:3      | Noticed an orange demon
  1986 | D:3      | Noticed a scorpion
  1995 | D:3      | Killed a scorpion
  1996 | D:3      | Reached skill level 1 in Fighting
  1996 | D:3      | Gained mutation: You are partially covered in thin metallic
                  | scales. (AC +2) [demonic ancestry]
  1996 | D:3      | Reached XP level 5. HP: 25/37 MP: 10/10
  2298 | D:4      | Reached skill level 4 in Earth Magic
  2436 | D:4      | Found a basalt altar of Yredelemnul.
  2771 | D:4      | Found a hazy altar of Hepliaklqana.
  2864 | D:4      | Reached XP level 6. HP: 38/43 MP: 11/11
  3166 | D:5      | Entered Level 5 of the Dungeon
  3217 | D:5      | Reached skill level 5 in Earth Magic
  3275 | D:5      | Gained mutation: You sometimes gain power by taking damage.
                  | [demonic ancestry]
  3275 | D:5      | Reached XP level 7. HP: 44/49 MP: 13/13
  3343 | D:5      | Found a staircase to the Ecumenical Temple.
  3356 | Temple   | Entered the Ecumenical Temple
  3455 | D:5      | Reached skill level 5 in Spellcasting
  3736 | D:5      | Found an ancient bone altar of Kikubaaqudgha.
  4110 | D:5      | Noticed an angel
  4113 | D:5      | Found a shimmering altar of Xom.
  4343 | D:6      | Reached skill level 6 in Earth Magic
  4346 | D:6      | Learned a level 2 spell: Passwall
  4350 | D:6      | Learned a level 3 spell: Stone Arrow
  4355 | D:6      | Learned a level 4 spell: Petrify
  4360 | D:6      | Learned a level 4 spell: Brom's Barrelling Boulder
  4453 | D:6      | Reached skill level 1 in Transmutations
  4484 | D:6      | Found an iron altar of Okawaru.
  4498 | D:6      | Slain by an ogre

Illustrated notes

Levels and vault maps discovered:
D:1:      lightli_arrival_maybe_door_vault, layout_loops_cross,
          hellmonk_ecumenical_altar_inner_sanctum
D:2:      layout_rooms, minmay_pentomino_t4
D:3:      layout_basic, makhleb_altar_promises_db
D:4:      layout_basic, nzn_hepliaklqana_mist_gate, old_standard_altar,
          minmay_close_crescents
D:5:      layout_basic, grunt_temple_overflow_order_and_chaos_1,
          lemuel_coloured_pillars_altar, minmay_temple_entry_arrows,
          lemuel_flame_loot_1
D:6:      layout_cave_pools, okawaru_trees_1
Temple:   hellmonk_temple_two_chambers

Skill      XL: |  1  2  3  4  5  6  7 |
---------------+----------------------+-----
Dodging        | 2 |  2.1
Earth Magic    | 3 4 5 6 |  6.3
Spellcasting   | 3 4 5 |  5.2
Stealth        | 2 |  2.3
Fighting       | 1 2 |  2.3
Transmutations | 1 |  1.0
Conjurations   | |  0.5
Evocations     | |  0.1

Action                     |  1- 3 |  4- 6 |  7- 9 || total
---------------------------+-------+-------+-------++-------
  Melee: Quarterstaff      |       |     3 |     3 ||     6
   Cast: Sandblast         |    51 |    84 |    46 ||   181
         Passwall          |       |       |     2 ||     2
         Petrify           |       |       |     2 ||     2
    Use: Scroll            |       |     1 |     4 ||     5
         Potion            |       |       |     5 ||     5
 Armour: Robe              |     5 |    14 |    36 ||    55
         Skin              |       |       |     4 ||     4
  Dodge: Dodged            |     9 |    23 |    59 ||    91
         Repelled          |       |     2 |       ||     2

Table legend: (Time is in decaauts)
 A = Elapsed time spent in this place.
 B = Non-inter-level travel time spent in this place.
 C = Inter-level travel time spent in this place.
 D = Time resting spent in this place.
 E = Time spent auto-exploring this place.
 F = Levels seen in this place.
 G = Mean time per level.
                   A        B        C        D        E       F      G
               +--------+--------+--------+--------+--------+-----+--------+
         Total |   4589 |   4486 |    103 |      0 |   3675 |   7 |  655.6 |
       Dungeon |   4563 |   4460 |    103 |      0 |   3666 |   6 |  760.5 |
        Temple |     26 |     26 |      0 |      0 |      9 |   1 |   26.0 |
               +--------+--------+--------+--------+--------+-----+--------+

Top non-repeatable levels by time:
     D:5: 1047 daAuts
     D:4: 971 daAuts
     D:1: 832 daAuts
     D:3: 764 daAuts
     D:2: 654 daAuts
     D:6: 293 daAuts
  Temple: 26 daAuts
